 Dungeon Crawl Stone Soup version 0.29-a0-757-g358383bc75 (webtiles) character file.

Game seed: 521862703308736032

185 moldycheese5 the Conjurer (level 5, -3/28 HPs)
             Began as a Deep Elf Conjurer on June 30, 2022.
             Was an Initiate of Gozag.
             Slain by a wyvern (5 damage)
             ... on level 4 of the Dungeon.
             The game lasted 00:04:52 (3873 turns).

moldycheese5 the Conjurer (Deep Elf Conjurer)       Turns: 3873, Time: 00:04:53

Health: -3/28      AC:  8    Str:  6    XL:     5   Next: 37%
Magic:  5/14       EV:  9    Int: 23    God:    Gozag
Gold:   208        SH:  0    Dex: 13    Spells: 12/13 levels left

rFire   . . .      SeeInvis .   d - +2 whip (drain)
rCold   . . .      Faith    .   (no shield)
rNeg    . . .      Spirit   .   g - +3 ring mail
rPois   .          Reflect  .   (no helmet)
rElec   .          Harm     .   (no cloak)
rCorr   .          Rampage  .   (no gloves)
Will    .....                   (no boots)
Stlth   +.........              (no amulet)
HPRegen 0.09/turn               (no ring)
MPRegen 0.14/turn               (no ring)

@: no status effects
A: no striking features
a: Renounce Religion, Potion Petition, Call Merchant, Bribe Branch


You were on level 4 of the Dungeon.
You worshipped Gozag.
Gozag was aware of your devotion.
You visited 1 branch of the dungeon, and saw 4 of its levels.

You collected 276 gold pieces.
You paid 68 gold pieces to Gozag.

Inventory:

Hand Weapons
 d - a +2 whip of draining (weapon)
Armour
 a - a +0 robe
 g - a +3 ring mail (worn)
Scrolls
 c - 4 scrolls of identify {unknown}
 i - 2 scrolls of teleportation {unknown}
 j - 2 scrolls of magic mapping {unknown}
 l - a scroll of vulnerability {unknown}
 m - a scroll of enchant weapon {unknown}
 n - a scroll of amnesia {unknown}
 o - 4 scrolls of immolation {unknown}
 q - 2 scrolls of noise {unknown}
Potions
 b - 2 potions of magic
 e - 2 potions of might {unknown}
 f - 3 potions of curing {unknown}
 h - 2 potions of mutation {unknown}
 k - a potion of berserk rage {unknown}
 p - a potion of cancellation {unknown}


   Skills:
 + Level 0.6 Fighting
 + Level 0.6 Armour
 + Level 2.5 Dodging
 + Level 2.8 Stealth
 + Level 4.9 Spellcasting
 + Level 6.1 Conjurations


You had 12 spell levels left.
You knew the following spells:

 Your Spells              Type           Power      Damage    Failure   Level
a - Magic Dart            Conj           100%       1d8       3%          1

Your spell library contained the following spells:

 Spells                   Type           Power      Damage    Failure   Level
 Searing Ray              Conj           66%        2d6       4%          2
 Dazzling Flash           Conj/Hex       38%        N/A       32%         3
 Sublimation of Blood     Necr           5%         N/A       50%         2
 Fulminant Prism          Conj/Hex       9%         3d7       71%         4
 Iskenderun's Mystic Bla  Conj/Tloc      19%        2d6       71%         4
 Irradiate                Conj/Tmut      9%         3d16      96%         5
 Petrify                  Tmut/Erth      5%         N/A       98%         4


Dungeon Overview and Level Annotations

Branches:
Dungeon (4/15)             Temple (0/1) D:4

Altars:
Gozag
Hepliaklqana
Zin

Shops:
D:3 [[!!

Annotations:
D:3 1 runed translucent door, Crazy Yiuf


Message History

The gnoll is severely wounded.
The magic dart hits the gnoll!
You kill the gnoll!
A gnoll comes into view. It is wielding a +0 halberd.
The magic dart hits the gnoll.
The gnoll is moderately wounded.
The gnoll shouts!
The magic dart hits the gnoll!
The gnoll is severely wounded.
The gnoll hits you from afar with a +0 halberd.
The magic dart hits the gnoll!
You kill the gnoll!
A wyvern comes into view.
The magic dart hits the gnoll.
The gnoll is heavily wounded.
The wyvern hisses angrily.
The gnoll is distracted by your dazzling golden aura.
The magic dart hits the gnoll but does no damage.
The gnoll is heavily wounded.
The gnoll is no longer distracted by gold.
The gnoll shouts!
The magic dart hits the gnoll!
The gnoll is almost dead.
The gnoll is distracted by your dazzling golden aura.
The magic dart hits the gnoll.
You kill the gnoll!
The wyvern bites you. The wyvern barely misses you. The wyvern bites you!
Found a staircase to the Ecumenical Temple.
Found 3 scrolls labelled ECWOF VEENUWEI and a scroll labelled WETRONGIOKLA.
The wyvern barely misses you. The wyvern attacks as you move away!
The wyvern bites you!
Ouch! That really hurt!
* * * LOW HITPOINT WARNING * * *
The wyvern barely misses you.
There is a stone staircase leading down here.
The wyvern bites you.
You die...
Your body crumbles into a pile of gold. ##.. .. ....
P.P

.# ..... ####.##..# .....
##P#...#P. .)..$.#....>...
.....$#.P#...#
#....$..##.### . $
#........P.P.####....
.$...........l@.......
#.........##...........
#.........##............
..........##............
.........$..?...........##.
...#.......?.........##...
.# ####..........##......
.## #..........# ##...
..... ......####.##..##.


You could see a wyvern.

Vanquished Creatures
  A jelly (D:4)
  An iguana (D:4)
  3 gnolls (D:4)
  4 adders
  A worm (D:2)
  3 dart slugs
  3 ball pythons
  4 bats
  An endoplasm (D:4)
  3 giant cockroaches
  6 goblins
  7 hobgoblins
  6 jackals (D:1)
  2 frilled lizards
  9 kobolds
  3 rats
57 creatures vanquished.

Vanquished Creatures (others)
  6 plants (D:3)
6 creatures vanquished.

Grand Total: 63 creatures vanquished

Notes
Turn   | Place    | Note
-------+----------+-------------------------------------------
     0 | D:1      | moldycheese5 the Deep Elf Conjurer began the quest for the
                  | Orb.
     0 | D:1      | Reached XP level 1. HP: 10/10 MP: 6/6
   150 | D:1      | Reached XP level 2. HP: 15/15 MP: 2/8
   232 | D:1      | Found a faded altar of an unknown god.
   314 | D:1      | Reached skill level 5 in Conjurations
  1027 | D:1      | Reached XP level 3. HP: 19/19 MP: 7/9
  2236 | D:3      | Reached XP level 4. HP: 24/24 MP: 8/11
  2328 | D:3      | Found Purutone's Antique Armour Boutique.
  2492 | D:3      | Found Koirr's Antique Armour Shoppe.
  2515 | D:3      | Found Tofeuw's Distillery.
  2545 | D:3      | Found a hazy altar of Hepliaklqana.
  2676 | D:3      | Found Hunungit's Distillery.
  2886 | D:3      | Found a glowing silver altar of Zin.
  2886 | D:3      | Found an opulent altar of Gozag.
  2920 | D:3      | Became a worshipper of Gozag Ym Sagoz the Greedy
  3297 | D:3      | Found a runed translucent door.
  3298 | D:3      | Noticed Crazy Yiuf
  3639 | D:4      | Reached skill level 6 in Conjurations
  3798 | D:4      | Reached XP level 5. HP: 28/28 MP: 8/13
  3860 | D:4      | Noticed a wyvern
  3868 | D:4      | Found a staircase to the Ecumenical Temple.
  3871 | D:4      | HP: 1/28 [wyvern (14)]
  3873 | D:4      | Slain by a wyvern

Illustrated notes

Levels and vault maps discovered:
D:1:      ncdulo_smallfort, layout_basic, hellmonk_ecumenical_altar_dog_temple,
          minmay_pentomino_w2
D:2:      layout_basic, minmay_unequal
D:3:      layout_basic, grunt_temple_overflow_gold_and_silver,
          nicolae_hepliaklqana_hippocampus, serial_rivers,
          chequers_serial_rivers_room_b, chequers_serial_rivers_marsh,
          chequers_serial_rivers_micro_b, chequers_serial_rivers_micro_b,
          chequers_serial_rivers_micro_a, chequers_serial_rivers_large_b,
          serial_shops, shop, shop, shop, shop, guppyfry_early_lair_pool,
          uniq_crazy_yiuf_cottage
D:4:      layout_cave_pools, minmay_temple_entry_gardened_gates,
          wad_floor_pattern_untrapped

Skill      XL: |  1  2  3  4 |
---------------+-------------+-----
Conjurations   | 5 6 |  6.1
Spellcasting   | 4 |  4.9
Fighting       | |  0.6
Armour         | |  0.6
Dodging        | |  2.5
Stealth        | |  2.8

Action                   |  1- 3 |  4- 6 || total
-------------------------+-------+-------++-------
Melee: Whip              |    21 |     9 ||    30
 Cast: Magic Dart        |    68 |    44 ||   112
Armor: Robe              |     4 |       ||     4
       Ring mail         |     4 |       ||     4
Dodge: Dodged            |    20 |     6 ||    26

Table legend: (Time is in decaauts)
 A = Elapsed time spent in this place.
 B = Non-inter-level travel time spent in this place.
 C = Inter-level travel time spent in this place.
 D = Time resting spent in this place.
 E = Time spent auto-exploring this place.
 F = Levels seen in this place.
 G = Mean time per level.
                   A        B        C        D        E       F      G
               +--------+--------+--------+--------+--------+-----+--------+
         Total |   3909 |   3689 |    220 |    440 |   2909 |   4 |  977.2 |
       Dungeon |   3909 |   3689 |    220 |    440 |   2909 |   4 |  977.2 |
               +--------+--------+--------+--------+--------+-----+--------+

Top non-repeatable levels by time:
     D:3: 1444 daAuts
     D:1: 1122 daAuts
     D:2: 1094 daAuts
     D:4: 247 daAuts
